 Dungeon Crawl Stone Soup version 0.30-a0-1122-g620db56ad9 (webtiles) character file.

Game seed: 5966948633906435393

24 CrazyBamboolord the Charlatan (level 2, -2/21 HPs)
             Began as a Demonspawn Artificer on Apr 22, 2023.
             Killed from afar by Natasha (8 damage)
             ... with a magic dart
             ... on level 2 of the Dungeon.
             The game lasted 00:02:12 (954 turns).

CrazyBamboolord the Charlatan (Demonspawn Artificer) Turns: 954, Time: 00:02:12

Health: -2/21      AC:  3    Str: 12    XL:     2   Next: 79%
Magic:  2/2        EV: 11    Int: 12    God:
Gold:   30         SH:  0    Dex: 13    Spells: 1/1 levels left

rFire   . . .        g - +0 short sword
rCold   . . .        (no shield)
rNeg    . . .        b - +0 leather armour
rPois   .            (no helmet)
rElec   .            (no cloak)
rCorr   .            (no gloves)
SInv    .            (no boots)
Will    .....        (no amulet)
Stlth   +            (no ring)
HPRegen 0.23/turn    (no ring)
MPRegen 0.08/turn

%: no passive effects
@: no status effects
A: demonic magic 1
a: no special abilities


You were on level 2 of the Dungeon.
You visited 1 branch of the dungeon, and saw 2 of its levels.

You collected 30 gold pieces.

Inventory:

Hand Weapons
 g - a +0 short sword (weapon)
Armour
 b - a +0 leather armour (worn)
Wands
 c - a wand of flame (11) (quivered)
 d - a wand of charming (15)
 e - a wand of iceblast (5)
Scrolls
 h - a scroll of fear
 i - a scroll of fog
 k - a scroll of butterflies {unknown}
Potions
 a - a potion of might {unknown}
 f - a potion of berserk rage
 j - a potion of mutation


   Skills:
 * Level 1.2 Fighting
 * Level 0.2 Short Blades
 * Level 2.1 Armour
 * Level 1.0 Dodging
 * Level 1.1 Stealth
 * Level 3.5 Evocations


You had one spell level left.
You didn't know any spells.
Your spell library contained the following spells:

 Spells                   Type           Power      Damage    Failure   Level
 Blink                    Tloc           0%         N/A       54%         2
 Lesser Beckoning         Tloc           0%         N/A       54%         2
 Momentum Strike          Conj/Tloc      0%         3d8       54%         2


Dungeon Overview and Level Annotations

Branches:
Dungeon (2/15)

Altars:

Annotations:
D:2 Natasha


Innate Abilities, Weirdness & Mutations

Spells you cast may paralyse adjacent enemies.


Message History

No target in view!
No target in view!
No target in view!
No target in view!
No target in view!
No target in view!
No target in view!
No target in view!
No target in view!
Found a stone staircase leading down.
a - a fizzy amethyst potion Natasha, Servant of Life and Death comes into view.
Found 3 stones and a short sword.
Natasha hisses angrily.
Natasha casts a spell at you. The magic dart hits you.
Found a glowing falchion.
Natasha barely misses you.
You hit Natasha.
Natasha is moderately wounded.
Natasha claws you.
You barely miss Natasha.
Natasha is moderately wounded.
Natasha claws you!
* * * LOW HITPOINT WARNING * * *
You are too injured to fight recklessly!
You are too injured to fight recklessly!
You are too injured to fight recklessly!
You are too injured to fight recklessly!
You are too injured to fight recklessly!
You are too injured to fight recklessly!
You are too injured to fight recklessly!
You are too injured to fight recklessly!
You are too injured to fight recklessly!
You are too injured to fight recklessly!
You closely miss Natasha.
Natasha is moderately wounded.
Natasha casts a spell at you. The magic dart hits you!
You die...

... #.... .. .. ##.
#####...# ... ....
#..##....>#.##... ..#.#
#.##......$..)...
#..<.###.#[.............
#....#..................
..........#.............
..........#.....@h......
......................).
........................
.....†..............(...
.....<..................
...........#............
...........#..####..####
..........###... ...
..##........ ..#


You could see Natasha.

Vanquished Creatures
  2 dart slugs
  A giant cockroach (D:1)
  3 hobgoblins (D:1)
  3 kobolds (D:1)
  A quokka (D:1)
  6 ball pythons (D:1)
  5 bats (D:1)
  A frilled lizard (D:2)
  A rat (D:1)
23 creatures vanquished.

Notes
Turn   | Place    | Note
-------+----------+-------------------------------------------
     0 | D:1      | CrazyBamboolord the Demonspawn Artificer began the quest
                  | for the Orb.
     0 | D:1      | Reached XP level 1. HP: 15/15 MP: 1/1
   168 | D:1      | Reached skill level 1 in Stealth
   168 | D:1      | Gained mutation: Spells you cast may paralyse adjacent
                  | enemies. [demonic ancestry]
   168 | D:1      | Reached XP level 2. HP: 11/21 MP: 2/2
   400 | D:1      | Found a faded altar of an unknown god.
   935 | D:2      | Reached skill level 1 in Dodging
   947 | D:2      | Noticed Natasha
   954 | D:2      | Killed from afar by Natasha

Illustrated notes

Levels and vault maps discovered:
D:1:      roderic_crossed_star, layout_basic, ebering_ecumenical_altar_hall
D:2:      minmay_roachtagon, layout_rooms, minmay_pentomino_p2, uniq_jessica,
          uniq_sigmund, uniq_natasha

Skill      XL: |  1  2 |
---------------+-------+-----
Armour         | 2 |  2.1
Stealth        | 1 |  1.1
Dodging        | 1 |  1.0
Fighting       | |  1.2
Short Blades   | |  0.2
Evocations     | |  3.5

Action                     || total
---------------------------++-------
  Melee: Short sword       ||    79
         Club              ||     9
         Punch             ||     1
  Evoke: Wand              ||     4
    Use: Scroll            ||     4
   Stab: Sleeping          ||     1
 Armour: Leather armour    ||    35
  Dodge: Dodged            ||    67

Table legend: (Time is in decaauts)
 A = Elapsed time spent in this place.
 B = Non-inter-level travel time spent in this place.
 C = Inter-level travel time spent in this place.
 D = Time resting spent in this place.
 E = Time spent auto-exploring this place.
 F = Levels seen in this place.
 G = Mean time per level.
                   A        B        C        D        E       F      G
               +--------+--------+--------+--------+--------+-----+--------+
         Total |    955 |    918 |     37 |      0 |    728 |   2 |  477.5 |
       Dungeon |    955 |    918 |     37 |      0 |    728 |   2 |  477.5 |
               +--------+--------+--------+--------+--------+-----+--------+

Top non-repeatable levels by time:
     D:1: 928 daAuts
     D:2: 27 daAuts
